Map: Base du roi Sejong EC

Players

zidar - Winner!

  • Race: Zerg Zerg
  • League: Gold
  • Spawn Location: 5:00

Jovke

  • Race: Protoss Protoss
  • League: Silver
  • Spawn Location: 11:00

VOD

Have the link to the VOD?

Description

Time

  • Played on: June 8, 2016, 3:11 p.m.
  • Length: 12:55
Show
View Real Time Build Order
Export as new Build Order

zidar Zerg - Winner!

Build Orders: Pool First 

Get SALT Encoding   

  12  0:02  Drone  
  13  0:12  Overlord  
  13  0:17  Drone  
  14  0:25  Extractor, Drone  
  15  0:30  Drone  
  15  0:34  Drone  
  17  0:49  Spawning Pool  
  16  0:51  Drone  
  17  1:17  Drone  
  18  1:18  Hatchery  
  18  1:20  Extractor  
  15  1:37  Queen  
  17  2:01  Hatchery  
  16  2:11  Drone x2  
  18  2:17  Drone  
  19  2:24  Overlord  
  19  2:44  Drone x4  
  23  2:56  Queen  
  25  3:12  Queen  
  25  3:15  Overlord  
  27  3:26  Roach Warren  
  28  3:27  Drone x2  
  28  3:42  Drone x5  
  33  3:55  Extractor  
  33  3:59  Extractor  
  31  4:04  Overlord x2  
  31  4:08  Roach x3  
  31  4:09  Zergling x2  
  38  4:17  Overlord  
  38  4:31  Overlord  
  38  4:35  Roach  
  38  4:36  Roach x3  
  46  4:39  Metabolic Boost  
  46  5:06  Roach x6  
  58  5:19  Zergling x10  
  62  5:57  Lair  
  62  5:59  Pneumatized Carapace  
  62  6:12  Drone x3  
  62  6:14  Overlord x3  
  58  6:53  Zergling x2  
  58  6:54  Zergling x28  
  63  6:55  Roach x2  
  73  7:16  Roach  
  73  7:17  Roach x5  
  79  8:01  Overlord x5  
  79  8:40  Roach x5  
  79  8:41  Roach x2, Zergling x4  
  94  8:47  Ravager x2  
  94  8:48  Ravager x3  
  99  8:49  Ravager x2  
  102  9:29  Spire  
  81  9:56  Zergling x24  
  63  10:13  Zergling x2  
  63  10:14  Zergling x4  
  48  10:22  Zergling x2  
  48  10:23  Zergling x10  
  50  11:00  Extractor  
  45  11:04  Zergling x10  
  45  11:05  Zergling x6  
  45  11:11  Extractor  
  43  11:53  Drone x7  
  30  12:45  Hatchery  
Show
View Real Time Build Order
Export as new Build Order

Jovke Protoss 

Build Orders: 1 Gate Expand, Carriers, Colossus Rush 

Get SALT Encoding   

  12  0:10  Pylon  
  12  0:27  Probe (Chrono Boost)  
  13  0:38  Probe (Chrono Boost)  
  13  0:39  Gateway  
  14  0:45  Assimilator  
  14  0:48  Probe (Chrono Boost)  
  15  0:59  Probe (Chrono Boost)  
  16  1:09  Probe (Chrono Boost)  
  17  1:20  Probe (Chrono Boost)  
  18  1:30  Probe (Chrono Boost)  
  19  1:41  Probe (Chrono Boost)  
  19  1:42  Nexus  
  20  1:51  Pylon  
  20  2:01  Cybernetics Core  
  20  2:12  Assimilator  
  20  2:13  Probe (Chrono Boost)  
  21  2:23  Probe (Chrono Boost)  
  22  2:40  Probe (Chrono Boost)  
  23  2:48  Stalker (Chrono Boost)  
  23  2:50  Nexus  
  25  2:56  Mothership Core  
  25  2:58  Probe  
  28  3:09  Probe  
  29  3:20  Pylon  
  29  3:30  Stalker (Chrono Boost)  
  31  3:43  Probe  
  32  3:53  Probe  
  33  3:57  Sentry (Chrono Boost)  
  35  4:03  Forge  
  35  4:04  Probe  
  35  4:08  Probe  
  37  4:14  Probe  
  38  4:19  Probe  
  39  4:25  Probe  
  39  4:29  Probe  
  41  4:33  Stalker (Chrono Boost)  
  41  4:35  Probe  
  44  4:46  Probe  
  44  4:47  Stargate  
  44  4:51  Probe  
  46  4:54  Probe, Assimilator  
  46  4:56  Probe  
  46  4:58  Assimilator  
  48  5:04  Probe  
  49  5:07  Probe  
  50  5:15  Probe  
  50  5:17  Stargate  
  50  5:18  Probe  
  50  5:20  Stargate  
  52  5:25  Probe  
  53  5:28  Probe  
  53  5:33  Pylon  
  54  5:36  Probe  
  54  5:39  Fleet Beacon  
  54  5:40  Probe  
  56  5:45  Colossus  
  56  5:50  Probe x2  
  58  6:00  Probe, Assimilator  
  58  6:01  Probe  
  60  6:04  Assimilator  
  60  6:09  Photon Cannon  
  60  6:11  Probe x2, Photon Cannon  
  60  6:13  Photon Cannon  
  62  6:21  Probe  
  62  6:22  Probe  
  76  6:39  Probe  
  63  6:47  Carrier x2 (Chrono Boost)  
  61  7:02  Pylon  
  61  7:05  Pylon  
  60  7:14  Probe  
  61  7:26  Pylon  
  61  7:29  Graviton Catapult  
  61  7:31  Pylon  
  61  7:34  Pylon  
  61  7:36  Pylon  
  61  7:37  Probe  
  61  7:39  Pylon  
  61  7:42  Pylon  
  59  7:45  Pylon  
  59  7:48  Pylon  
  59  7:49  Probe  
  55  7:59  Probe  
  55  8:06  Carrier (Chrono Boost)  
  55  8:10  Carrier (Chrono Boost)  
  55  8:16  Nexus  
  54  8:20  Carrier (Chrono Boost)  
  54  8:31  Nexus  
  63  9:31  Carrier x2 (Chrono Boost)  
  43  10:24  Probe  
  44  10:35  Probe  
  45  10:46  Probe  
  46  10:56  Probe  
  47  11:21  Pylon  
Tags
 
Add a new tag
Caveats
  • Supply blocks, unpowered buildings, or Contaminate may cause inaccurate times.
  • Supply counts are checked every 10 seconds.